 Dungeon Crawl Stone Soup version 0.31-a0-237-g2d982f9f85 (webtiles) character file.

Game seed: 4507972523615966332

130 qw the Shooter (level 5, -3/30 HPs)
             Began as a Gargoyle Hexslinger on July 11, 2023.
             Slain by Duvessa
             ... wielding a +0 short sword
              (8 damage)
             ... on level 4 of the Dungeon.
             The game lasted 00:00:51 (2106 turns).

qw the Shooter (Gargoyle Hexslinger)                Turns: 2106, Time: 00:00:52

Health: -3/30      AC: 11    Str: 12    XL:     5   Next: 14%
Magic:  6/6        EV: 10    Int: 13    God:
Gold:   144        SH:  0    Dex: 14    Spells: 5/6 levels left

rFire   . . .        Y - +1 sling
rCold   . . .        (no shield)
rNeg    + . .        h - +0 ring mail
rPois   inf          (no helmet)
rElec   +            d - +0 cloak
rCorr   .            i - +0 pair of gloves
SInv    .            (no boots)
Will    .....        (no amulet)
Stlth   +            (no ring)
HPRegen 0.25/turn    (no ring)
MPRegen 0.10/turn

%: no passive effects
@: no status effects
A: sickness immunity, AC +4, negative energy resistance 1, electricity
resistance, torment resistance 1, petrification resistance
a: no special abilities


You were on level 4 of the Dungeon.
You visited 1 branch of the dungeon, and saw 5 of its levels.

You collected 144 gold pieces.


Innate Abilities, Weirdness & Mutations

You are immune to sickness and miasma.
Your stone body is resilient. (AC +4)
You are immune to poison.
You resist negative energy. (rN+)
You are resistant to electric shocks. (rElec)
You are resistant to unholy torment.
You are immune to petrification.


   Skills:
 - Level 2.0 Fighting
 + Level 4.7 Ranged Weapons
 - Level 1.0 Armour
 - Level 1.5 Dodging
 - Level 1.0 Spellcasting
 - Level 2.6 Hexes


You had 5 spell levels left.
You knew the following spells:

 Your Spells              Type           Power      Damage    Failure   Level
a - Slow                  Hex            28%        N/A       22%         1

Your spell library contained the following spells:

 Spells                   Type           Power      Damage    Failure   Level
 Inner Flame              Hex/Fire       4%         N/A       73%         3
 Portal Projectile        Hex/Tloc       8%         N/A       73%         3
 Cause Fear               Hex            3%         N/A       91%         4

Inventory:

Hand Weapons
 Y - a +1 sling (weapon)
Armour
 a - the +1 robe "Jacsohihi" {-Tele Int+3 Dex+4}
   (You found it on level 2 of the Dungeon)

   Int:       It affects your intelligence (+3).
   Dex:       It affects your dexterity (+4).
   -Tele:     It prevents most forms of teleportation.
 d - a +0 cloak (worn)
 h - a +0 ring mail (worn)
 i - a +0 pair of gloves (worn)
Scrolls
 c - a scroll of identify
Potions
 f - a potion of curing

Dungeon Overview and Level Annotations

Branches:
Dungeon (5/15)             Temple (0/1) D:4

Altars:
Kikubaaqudgha

Annotations:
D:4 Duvessa


Message History

Duvessa hits you with a +0 short sword.
You shoot a sling bullet.
The sling bullet closely misses Duvessa.
Duvessa closely misses you.
You shoot a sling bullet. The sling bullet hits Duvessa.
Duvessa is moderately wounded.
Duvessa hits you with a +0 short sword! Duvessa closely misses you.
You shoot a sling bullet.
The sling bullet closely misses Duvessa.
Duvessa hits you with a +0 short sword.
You shoot a sling bullet. The sling bullet hits Duvessa.
Duvessa is moderately wounded.
Duvessa closely misses you.
You shoot a sling bullet.
The sling bullet hits Duvessa but does no damage.
Duvessa is moderately wounded.
Duvessa hits you with a +0 short sword.
You shoot a sling bullet.
The sling bullet closely misses Duvessa.
Duvessa hits you but does no damage. x2
You shoot a sling bullet. The sling bullet hits Duvessa.
Duvessa is heavily wounded.
Duvessa barely misses you.
You shoot a sling bullet.
The sling bullet hits Duvessa but does no damage.
Duvessa is heavily wounded.
Duvessa closely misses you.
You shoot a sling bullet.
The sling bullet closely misses Duvessa.
Duvessa hits you with a +0 short sword! Duvessa barely misses you.
You shoot a sling bullet. The sling bullet hits Duvessa.
Duvessa is heavily wounded.
Duvessa hits you but does no damage.
You shoot a sling bullet. The sling bullet hits Duvessa.
Duvessa is severely wounded.
Duvessa hits you but does no damage.
You shoot a sling bullet. The sling bullet hits Duvessa.
Duvessa is severely wounded.
Duvessa hits you with a +0 short sword. Duvessa hits you with a +0 short sword!
You die...

#...###..###
..### ###..###
.## ##...###
## ###...###
##. #
###...####....
###.!#...#
########..$#
...........#
#.#.#.#@#.)#
.......e...#
#.......#.##
..........#
#...>...#.#
..........#
#.......#.#
...........


You could see Duvessa.

Vanquished Creatures
  A hound (D:5)
  A jelly (D:3)
  Natasha (D:4)
  A dart slug (D:3)
  7 ball pythons
  5 bats
  4 giant cockroaches
  5 goblins (D:1)
  3 hobgoblins
  3 quokkas
  3 frilled lizards
  6 kobolds
  6 rats
46 creatures vanquished.

Notes
Turn   | Place    | Note
-------+----------+-------------------------------------------
     0 | D:1      | qw the Gargoyle Hexslinger began the quest for the Orb.
     0 | D:1      | Reached XP level 1. HP: 12/12 MP: 2/2
     0 | D:1      | 0 ||| qw: Version: 0.3-a-52-g30416fa
     0 | D:1      | 0 ||| qw: Game counter: 5414
     0 | D:1      | 0 ||| qw: Melee chars always use a shield: true
     0 | D:1      | 0 ||| qw: God list: Okawaru
     0 | D:1      | 0 ||| qw: Allow faded altars: false
     0 | D:1      | 0 ||| qw: Do Orc after clearing Dungeon:15 true
     0 | D:1      | 0 ||| qw: Do second Lair branch before Depths: true
     0 | D:1      | 0 ||| qw: Lair rune preference: random
     0 | D:1      | 0 ||| qw: Goals: Normal
     0 | D:1      | 0 ||| PLANNING D:1-11
    95 | D:1      | Reached XP level 2. HP: 16/16 MP: 3/3
   473 | D:1      | Reached skill level 3 in Ranged Weapons
   858 | D:1      | 858 ||| UPGRADING to +0 cloak.
   863 | D:1      | 863 ||| UPGRADING to +0 leather armour.
   873 | D:1      | 873 ||| DROPPING +0 robe.
   874 | D:1      | 874 ||| UPGRADING to +0 ring mail.
   884 | D:1      | 884 ||| DROPPING +0 leather armour.
   885 | D:1      | 885 ||| DROPPING amulet of magic regeneration.
   886 | D:1      | 886 ||| READING scroll labelled TEDETR ZUONECK.
   887 | D:1      | 887 ||| DRINKING 2 fuming grey potions.
   888 | D:1      | 888 ||| DROPPING scroll of poison.
  1016 | D:2      | Reached XP level 3. HP: 21/21 MP: 4/4
  1019 | D:2      | Identified the +1 robe "Jacsohihi" {-Tele Int+3 Dex+4}
  1352 | D:2      | Reached skill level 1 in Armour
  1542 | D:2      | 1542 ||| READING scroll labelled AQAN QEWKE.
  1573 | D:3      | Found a faded altar of an unknown god.
  1641 | D:3      | 1641 ||| Stepping ~*~*~tactically~*~*~ (water).
  1846 | D:3      | Found an ancient bone altar of Kikubaaqudgha.
  1859 | D:3      | Reached skill level 4 in Ranged Weapons
  1859 | D:3      | Reached XP level 4. HP: 26/26 MP: 5/5
  1869 | D:3      | You fall into a shaft and drop 2 floors!
  1869 | D:5      | Entered Level 5 of the Dungeon
  1917 | D:5      | 1917 ||| UPGRADING to +0 pair of gloves.
  1922 | D:5      | 1922 ||| READING scroll labelled DUINKOSSAXEO.
  1923 | D:5      | 1923 ||| READING scroll labelled UTSESE UVVAMOI.
  1976 | D:4      | Noticed Natasha
  1992 | D:4      | HP: 5/26 [cerulean imp/+1 spear[Natasha] (3)]
  1993 | D:4      | Killed Natasha
  1994 | D:4      | Reached XP level 5. HP: 7/30 MP: 6/6
  2083 | D:4      | Found a staircase to the Ecumenical Temple.
  2084 | D:4      | 2084 ||| PLANNING TEMPLE
  2084 | D:4      | 2084 ||| READING 2 scrolls of identify.
  2084 | D:4      | 2084 ||| IDENTIFYING fizzy ruby potion
  2085 | D:4      | 2085 ||| DROPPING potion of berserk rage.
  2088 | D:4      | Noticed Duvessa
  2106 | D:4      | HP: 5/30 [Duvessa/+0 short sword (5)]
  2106 | D:4      | Slain by Duvessa

Levels and vault maps discovered:
D:1:      dreamdust_arrival_beginning_and_end, layout_loops_corners
D:2:      layout_loops_cross, dk_noncrumbling_3
D:3:      layout_loops_ring, kiku_gazebo_garden_becter,
          gammafunk_temple_overflow_statue, dreamdust_ecumenical_altar_statues,
          serial_bayou_lake_a
D:4:      layout_cave_pods, minmay_temple_entry_glass, gammafunk_ghost_cemetery,
          uniq_natasha, uniq_duvessa
D:5:      layout_loops_ring

Skill      XL: |  1  2  3 |
---------------+----------+-----
Ranged Weapons | 3 4 |  4.7
Fighting       | 2 |  2.0
Armour         | 1 |  1.0
Dodging        | |  1.5
Spellcasting   | |  1.0
Hexes          | |  2.6

Action                     |  1- 3 |  4- 6 || total
---------------------------+-------+-------++-------
   Fire: Sling             |   163 |    44 ||   207
    Use: Scroll            |     2 |     3 ||     5
         Potion            |     1 |       ||     1
 Armour: Robe              |     4 |       ||     4
         Ring mail         |    47 |    20 ||    67
  Dodge: Dodged            |    46 |    26 ||    72

Table legend:
 A = Non-vault XP
 B = Vault XP
 C = Vault XP percentage of total XP
 D = Non-vault monster count
 E = Vault monster count
 F = Vault count percentage of total count
                 A         B        C        D         E       F
            +---------+---------+-------+---------+---------+-------
      Total |     152 |      35 |  18.7 |      45 |       1 |   2.2
            +---------+---------+-------+---------+---------+-------
        D:1 |      31 |       0 |   0.0 |      20 |       0 |   0.0
        D:2 |      14 |       0 |   0.0 |      10 |       0 |   0.0
        D:3 |      64 |       0 |   0.0 |      14 |       0 |   0.0
        D:4 |       0 |      35 | 100.0 |       0 |       1 | 100.0
        D:5 |      43 |       0 |   0.0 |       1 |       0 |   0.0
            +---------+---------+-------+---------+---------+-------
